 Dungeon Crawl Stone Soup version 0.27.1 (webtiles) character file.

Game seed: 10850533092399143385

2297 acemry the Destroyer (level 9, -1/45 HPs)
             Began as a Deep Elf Conjurer on Sept 3, 2021.
             Slain by a boulder beetle (23 damage)
             ... on level 6 of the Dungeon on Sept 4, 2021.
             The game lasted 00:22:21 (7522 turns).

acemry the Destroyer (Deep Elf Conjurer)            Turns: 7522, Time: 00:22:21

Health: -1/45      AC:  3    Str:  3    XL:     9   Next: 17%
Magic:  22/29      EV: 28    Int: 36    God:
Gold:   261        SH:  0    Dex: 17    Spells: 14/20 levels left

rFire    . . .     SeeInvis .   b - staff of conjuration
rCold    . . .     Faith    .   (no shield)
rNeg     . . .     Spirit   .   a - +1 robe
rPois    .         Reflect  .   (no helmet)
rElec    .         Harm     .   (no cloak)
rCorr    .         Rampage  +   (no gloves)
Will     .....                  (no boots)
Stlth    ++........             q - amulet "Fepeesi" {Acrobat Rampage Str-2 Int+4 Dex+4}
HPRegen  0.15/turn              e - +6 ring of intelligence
MPRegen  0.21/turn              l - ring of magical power

@: acrobatic
A: no striking features
a: no special abilities


You were on level 6 of the Dungeon.
You visited 2 branches of the dungeon, and saw 7 of its levels.

You collected 261 gold pieces.

Inventory:

Hand Weapons
 j - a +2 dagger of speed
 u - a +1 shortbow of flaming
Missiles
 k - a throwing net
 v - 21 arrows
Armour
 a - a +1 robe (worn)
Magical Staves
 b - a staff of conjuration (weapon)
Jewellery
 e - a +6 ring of intelligence (left hand)
 h - an amulet of guardian spirit
 l - a ring of magical power (right hand)
 q - the amulet "Fepeesi" (around neck) {Acrobat Rampage Str-2 Int+4 Dex+4}
   (You acquired it on level 5 of the Dungeon)

   [amulet of the acrobat]

   It increases your evasion while moving and waiting.
   Str:       It affects your strength (-2).
   Int:       It affects your intelligence (+4).
   Dex:       It affects your dexterity (+4).
   Rampage:   It bestows one free step when moving towards enemies.
 x - a ring of see invisible
Wands
 s - a wand of iceblast (9)
Scrolls
 m - 2 scrolls of silence
 o - a scroll of fear
 p - 2 scrolls of amnesia
 r - 2 scrolls of enchant weapon {unknown}
 w - a scroll of fog {unknown}
Potions
 c - 3 potions of haste
 d - a potion of curing {unknown}
 f - a potion of cancellation
 g - 4 potions of lignification {unknown}
 i - 7 potions of brilliance
 n - a potion of heal wounds {unknown}
 t - a potion of invisibility {unknown}


   Skills:
 - Level 2.4 Dodging
 - Level 2.4 Stealth
 + Level 6.0 Spellcasting
 + Level 12.9 Conjurations
 - Level 1.1 Fire Magic


You had 14 spell levels left.
You knew the following spells:

 Your Spells              Type           Power      Damage    Failure   Level
a - Magic Dart            Conj           100%       1d8       1%          1
b - Searing Ray           Conj           100%       3d7       1%          2
c - Dazzling Flash        Conj/Hex       100%       N/A       1%          3

Your spell library contained the following spells:

 Spells                   Type           Power      Damage    Failure   Level
 Foxfire                  Conj/Fire      100%       2x1d9     1%          1
 Conjure Flame            Conj/Fire      75%        6-21      1%          3
 Fulminant Prism          Conj/Hex       36%        3d18      2%          4
 Iskenderun's Mystic Bla  Conj/Tloc      72%        2d15      2%          4
 Beastly Appendage        Tmut           20%        N/A       3%          1
 Wereblood                Tmut           10%        N/A       5%          2
 Inner Flame              Hex/Fire       14%        N/A       9%          3
 Spider Form              Tmut/Pois      5%         N/A       11%         3


Dungeon Overview and Level Annotations

Branches:
Dungeon (6/15)             Temple (1/1) D:5

Altars:
Ashenzari
Cheibriados
Dithmenos
Elyvilon
Fedhas
Gozag
Hepliaklqana
Kikubaaqudgha
Makhleb
Nemelex Xobeh
Okawaru
Qazlal
Ru
Uskayaw
Xom
Yredelemnul
Zin
The Shining One
Lugonu

Shops:
D:4 (


Message History

You see here a black bear corpse.
You see here 25 stones.
A boulder beetle comes into view.
The boulder beetle curls into a ball and begins rolling!
A boulder beetle is nearby!
You feel a surge of power!
The magic dart hits the boulder beetle but does no damage.
You feel a surge of power!
The magic dart hits the boulder beetle but does no damage.
Casting: Magic Dart (safe; 1% risk of failure)
Confirm with . or Enter, or press ? or * to list all spells.
Aiming: Searing Ray (safe; 1% risk of failure)
Press: ? - help, Shift-Dir - straight line, f/p - boulder beetle
Aim: a boulder beetle (rolling, 100% to hit)
You feel a surge of power!
The searing ray hits the boulder beetle!
The boulder beetle is lightly wounded. (Press . to maintain the ray.)
The boulder beetle misses you.
The boulder beetle stops rolling and uncurls.
Casting: Searing Ray (safe; 1% risk of failure)
Confirm with . or Enter, or press ? or * to list all spells.
Aiming: Searing Ray (safe; 1% risk of failure)
Press: ? - help, Shift-Dir - straight line, f/p - boulder beetle
Aim: a boulder beetle (lightly wounded, 100% to hit)
You feel a surge of power!
The searing ray hits the boulder beetle!
The boulder beetle is moderately wounded. (Press . to maintain the ray.)
The boulder beetle bites you!!
Ouch! That really hurt!
An ufetubus comes into view.
The searing ray hits the boulder beetle!
The boulder beetle is moderately wounded.
The boulder beetle closely misses you.
The searing ray hits the boulder beetle but does no damage.
The boulder beetle is moderately wounded.
The boulder beetle bites you!!
Ouch! That really hurt!
You die...

.....######### ..##.##
#.. ..#...# #.# ..#...#
#.# ## ..#...######.# .#
...........#.# ..#
...........#.#####..#...
.................B......
............####@##.#..
..#...####..# #....#
..#.........# #.####
..#...#####.# #.#
#.#...# #.# #.# ####.##
#.. ..# ..##.# #### #..
....)####### ###
..##.......#####


You could see a boulder beetle.

Vanquished Creatures
  An acid dragon (D:5)
  A sky beast (D:6)
  4 black bears
  A necrophage (D:5)
  3 ogres
  A centaur (D:6)
  A phantom (D:5)
  A scorpion (D:5)
  A water moccasin zombie (D:6)
  5 wights (D:6)
  2 howler monkeys
  2 vampire bats (D:4)
  3 bullfrog zombies
  4 hounds
  An orc priest (D:4)
  A jelly (D:5)
  Terence (D:2)
  2 iguanas
  2 orc wizards (D:4)
  A howler monkey zombie (D:6)
  Robin (D:4)
  11 gnolls
  7 adders
  2 howler monkey skeletons
  A river rat (D:5)
  4 worms
  3 dart slugs (D:1)
  11 orcs
  6 ball pythons
  7 endoplasms
  4 giant cockroaches
  14 goblins
  12 hobgoblins
  14 kobolds
  9 quokkas
  15 bats
  2 frilled lizards (D:3)
  A rat (D:5)
162 creatures vanquished.

Vanquished Creatures (others)
  50 foxfires (D:1)
50 creatures vanquished.

Grand Total: 212 creatures vanquished

Notes
Turn   | Place    | Note
-------+----------+-------------------------------------------
     0 | D:1      | acemry the Deep Elf Conjurer began the quest for the Orb.
     0 | D:1      | Reached XP level 1. HP: 10/10 MP: 6/6
   264 | D:1      | Reached XP level 2. HP: 15/15 MP: 5/8
   267 | D:1      | Learned a level 2 spell: Searing Ray
   269 | D:1      | Learned a level 1 spell: Foxfire
   295 | D:1      | Reached skill level 5 in Conjurations
   763 | D:1      | Found a faded altar of an unknown god.
  1070 | D:1      | Reached XP level 3. HP: 19/19 MP: 7/9
  1289 | D:2      | Noticed Terence
  1294 | D:2      | Killed Terence
  1295 | D:2      | Reached skill level 6 in Conjurations
  1295 | D:2      | Reached skill level 1 in Fire Magic
  1295 | D:2      | Reached XP level 4. HP: 24/24 MP: 3/10
  1781 | D:3      | Reached XP level 5. HP: 26/28 MP: 3/11
  1819 | D:3      | Reached skill level 7 in Conjurations
  2217 | D:3      | Identified a scroll of acquirement
  2217 | D:3      | Acquired a staff of conjuration
  2706 | D:3      | Found a glowing golden altar of the Shining One.
  2710 | D:3      | Found a broken altar of Ashenzari.
  2710 | D:3      | Found an ancient bone altar of Kikubaaqudgha.
  2717 | D:3      | Found a white marble altar of Elyvilon.
  2720 | D:3      | Found a burning altar of Makhleb.
  2917 | D:4      | Found Dicsiloy's Antique Weapon Emporium.
  3027 | D:4      | Noticed an ogre
  3039 | D:4      | Killed an ogre
  3040 | D:4      | Reached skill level 8 in Conjurations
  3040 | D:4      | Reached XP level 6. HP: 27/32 MP: 0/12
  3771 | D:4      | Reached skill level 9 in Conjurations
  3998 | D:4      | Noticed Robin
  4002 | D:4      | Killed Robin
  4073 | D:4      | Reached XP level 7. HP: 36/36 MP: 13/13
  4461 | D:4      | Reached skill level 10 in Conjurations
  4637 | D:5      | Entered Level 5 of the Dungeon
  4641 | D:5      | Found a hazy altar of Hepliaklqana.
  4713 | D:5      | Reached XP level 8. HP: 41/41 MP: 14/14
  4763 | D:5      | Reached skill level 11 in Conjurations
  4831 | D:5      | Found a staircase to the Ecumenical Temple.
  4857 | Temple   | Entered the Ecumenical Temple
  5618 | D:5      | Learned a level 3 spell: Dazzling Flash
  5847 | D:5      | Reached skill level 12 in Conjurations
  5906 | D:5      | Acquired the amulet "Fepeesi" {Acrobat Rampage Str-2 Int+4
                  | Dex+4}
  6632 | D:6      | Reached skill level 5 in Spellcasting
  6976 | D:6      | Reached XP level 9. HP: 45/45 MP: 18/18
  7324 | D:6      | Found a sparkling altar of Nemelex Xobeh.
  7515 | D:6      | Noticed a boulder beetle
  7522 | D:6      | Slain by a boulder beetle

Illustrated notes

Levels and vault maps discovered:
D:1:      psy_arrival_radial02, layout_loops_cross,
          shapermc_ecumenical_altar_petra, hangedman_decor_push
D:2:      layout_rooms, uniq_terence
D:3:      layout_basic, minmay_overflow_temple_star_hex
D:4:      corexii_shantytown, layout_rooms, serial_shops, shop, roderic_batcave,
          kennysheep_potato, uniq_robin
D:5:      layout_loops_ring, overflow_temple_1_default,
          minmay_temple_entry_ruins, gup_sewer_entry_spiral
D:6:      cheibrodos_helix_gallery, layout_loops_cross,
          mainiacjoe_overflow_paths
Temple:   kb_corrupted_temple

Skill      XL: |  1  2  3  4  5  6  7  8  9 |
---------------+----------------------------+-----
Conjurations   | 5 6 8 9 10 12 | 12.9
Fire Magic     | 1 |  1.1
Spellcasting   | 5 6 |  6.0
Dodging        | |  2.4
Stealth        | |  2.4

Action                   |  1- 3 |  4- 6 |  7- 9 || total
-------------------------+-------+-------+-------++-------
Melee: Staff             |       |       |     2 ||     2
 Cast: Magic Dart        |    32 |   136 |   128 ||   296
       Foxfire           |    28 |       |       ||    28
       Searing Ray       |     2 |     9 |    35 ||    46
  Use: Scroll            |     3 |     6 |     4 ||    13
       Potion            |       |       |     1 ||     1
Armor: Robe              |       |     3 |     9 ||    12
Dodge: Dodged            |     4 |    18 |    38 ||    60
